 Dungeon Crawl Stone Soup version 0.23.1 (webtiles) character file.

Game seed: 12012491643010369425

2113 Borgoz the Grappler (level 9, -9/74 HPs)
             Began as a Ghoul Monk on Mar 8, 2019.
             Mangled by a wight
             ... wielding a cursed +4 long sword
              (14 damage)
             ... on level 6 of the Dungeon.
             The game lasted 00:10:59 (4798 turns).

Borgoz the Grappler (Ghoul Monk)                    Turns: 4798, Time: 00:11:01

Health: -9/74      AC:  6    Str: 20    XL:     9   Next: 29%
Magic:  8/8        EV: 14    Int:  8    God:
Gold:   291        SH:  0    Dex: 11    Spells: 8/8 levels left

rFire    . . .     SeeInvis .     - Unarmed
rCold    + . .     Gourm    .   (no shield)
rNeg     + + +     Faith    .   a - +0 robe
rPois    ∞         Spirit   .   (no helmet)
rElec    .         Reflect  .   s - +1 cloak
rCorr    .         Harm     .   (no gloves)
MR       .....                  (no boots)
Stlth    +++.......             j - amulet of regeneration
HPRegen  0.00/turn              h - ring of flight
MPRegen  0.11/turn              t - +2 ring of protection

@: mighty, rotting
A: rotting body, claws 1, carnivore, cold resistance 1, negative energy
resistance 3, inhibited regeneration, torment resistance, unbreathing
a: Evoke Flight


You were on level 6 of the Dungeon.
You were not hungry.

You visited 1 branch of the dungeon, and saw 8 of its levels.

You collected 291 gold pieces.

Inventory:

Hand Weapons
 i - a +2 short sword of protection
 r - a +4 quarterstaff of chaos
Missiles
 g - a throwing net (quivered)
 w - 5 tomahawks
Armour
 a - a +0 robe (worn)
 s - a +1 cloak (worn)
Jewellery
 h - a ring of flight (left claw)
 j - an amulet of regeneration (around neck)
 t - a +2 ring of protection (right claw)
Scrolls
 c - a scroll of immolation {unknown}
 e - 7 scrolls of identify {unknown}
 f - 3 scrolls of teleportation {unknown}
 k - 2 scrolls of amnesia {unknown}
 m - a scroll of enchant weapon {unknown}
 o - 2 scrolls of magic mapping {unknown}
 u - 6 scrolls of remove curse {unknown}
 v - 2 scrolls of random uselessness {unknown}
 y - a scroll of blinking {unknown}
Potions
 d - a potion of curing
 l - a potion of cancellation
 n - a potion of might
 p - 2 potions of lignification
 x - 2 potions of haste
 z - a potion of berserk rage
Comestibles
 b - 12 rations


   Skills:
 + Level 5.0 Fighting
 + Level 5.4 Dodging
 + Level 6.4 Stealth
 + Level 10.2 Unarmed Combat


You had 8 spell levels left.
You didn't know any spells.
Your spell library contained the following spells:

 Spells                   Type           Power        Failure   Level  Hunger
 Animate Skeleton         Necr           N/A          41%         1    ##.....
 Pain                     Necr           #...         41%         1    ##.....
 Regeneration             Chrm/Necr      #.........   78%         3    ####...
 Vampiric Draining        Necr           #.........   78%         3    ####...
 Animate Dead             Necr           N/A          99%         4    #####..


Dungeon Overview and Level Annotations

Branches:
Dungeon (8/15)
 Temple: D:4-7         Lair: D:8-11

Altars:
Gozag
Kikubaaqudgha
Ru
The Shining One

Annotations:
D:8 Gastronok


Innate Abilities, Weirdness & Mutations

Your body is rotting away.
You thrive on raw meat.
You are immune to poison.
You have sharp fingernails.
You are carnivorous and can eat meat at any time.
Your flesh is cold resistant. (rC+)
You are immune to negative energy. (rN+++)
You do not regenerate when monsters are visible.
You are immune to unholy pain and torment.
You can survive without breathing.


Message History

The wight hits you with a cursed +0 falchion.
You barely miss the wight.
The wight is almost destroyed.
The crimson imp blinks!
The wight hits you with a cursed +3 flail.
* * * LOW HITPOINT WARNING * * *
You barely miss the wight.
The wight is almost destroyed.
The wight hits you with a cursed +4 long sword.
* * * LOW HITPOINT WARNING * * *
The wight hits you with a cursed +0 falchion.
* * * LOW HITPOINT WARNING * * *
You mangle the wight!!
You destroy the wight!
A shadow imp comes into view.
The wight barely misses you.
The wight hits you with a cursed +3 flail.
* * * LOW HITPOINT WARNING * * *
The wight hits you with a cursed +4 long sword!
You die...

........................
###......................
######............?....
#..>......5.......
#.................
#..........†......
#.....)..#######..
#.......z#..§..#
#....?..z@)....#
#.......z#)5...#
#........#.....#
#........#.....#
........#+##### ........#
........# ..5.....#


You could see 3 wights, a crimson imp and a shadow imp (wandering).

Vanquished Creatures
  An orc warrior (D:6)
  2 ice beasts (D:5)
  A black bear (D:6)
  An ogre (D:5)
  A phantom (D:5)
  A bullfrog (D:6)
  4 scorpions
  5 wights
  2 howler monkeys
  A crimson imp (D:4)
  2 hounds
  The ghost of Kairos the Sneak, a weakling VSAs (D:3)
  A jelly (D:5)
  4 orc priests
  Crazy Yiuf (D:2)
  8 orc wizards
  A bullfrog skeleton (D:4)
  A centaur skeleton (D:8)
  Jessica (D:2)
  Natasha (thrice) (D:2)
  3 worker ants
  7 adders
  8 gnolls
  A shadow imp (D:5)
  3 worms
  2 dart slugs
  A leopard gecko (D:1)
  20 orcs
  7 bats
  8 giant cockroaches
  6 goblins
  8 hobgoblins
  6 jackals
  A quokka (D:2)
  A ball python (D:3)
  7 frilled lizards
  A jackal zombie (D:5)
  10 kobolds
  2 leopard gecko skeletons
  A quokka skeleton (D:4)
  7 rats
152 creatures vanquished.

Notes
Turn   | Place    | Note
-------+----------+-------------------------------------------
     0 | D:1      | Borgoz the Ghoul Monk began the quest for the Orb.
     0 | D:1      | Reached XP level 1. HP: 19/19 MP: 0/0
    91 | D:1      | Reached XP level 2. HP: 17/26 MP: 1/1
   345 | D:1      | Reached XP level 3. HP: 24/31 MP: 2/2
   568 | D:1      | Reached skill level 4 in Unarmed Combat
   919 | D:2      | Noticed Natasha
   932 | D:2      | Killed Natasha
   932 | D:2      | Reached XP level 4. HP: 20/40 MP: 3/3
  1159 | D:2      | Noticed Jessica
  1166 | D:2      | Killed Jessica
  1177 | D:2      | Found a runed translucent door.
  1178 | D:2      | Noticed Crazy Yiuf
  1211 | D:2      | Noticed Natasha
  1220 | D:2      | Killed Natasha
  1220 | D:2      | Reached XP level 5. HP: 24/46 MP: 4/4
  1326 | D:2      | Found a sacrificial altar of Ru.
  1431 | D:2      | Noticed Natasha
  1439 | D:2      | Killed Natasha
  1439 | D:2      | Reached skill level 5 in Unarmed Combat
  1828 | D:2      | Killed Crazy Yiuf
  1984 | D:3      | Reached XP level 6. HP: 32/52 MP: 5/5
  2046 | D:3      | Reached skill level 6 in Unarmed Combat
  2272 | D:3      | Found a runed translucent gate.
  2272 | D:3      | Found a runed translucent gate.
  2275 | D:3      | Found a runed translucent gate.
  2276 | D:3      | Found an opulent altar of Gozag.
  2277 | D:3      | Noticed Kairos's ghost (weakling VSAs)
  2449 | D:3      | Found a faded altar of an unknown god.
  2547 | D:3      | Found a glowing golden altar of the Shining One.
  2667 | D:3      | Killed Kairos's ghost
  2667 | D:3      | Reached XP level 7. HP: 53/59 MP: 6/6
  2868 | D:4      | Reached skill level 7 in Unarmed Combat
  3124 | D:4      | Reached skill level 5 in Stealth
  3497 | D:5      | Entered Level 5 of the Dungeon
  3502 | D:5      | Reached XP level 8. HP: 63/66 MP: 7/7
  3513 | D:5      | You fall through a shaft for 3 floors!
  3515 | D:8      | Noticed Gastronok
  3689 | D:6      | Reached skill level 8 in Unarmed Combat
  4006 | D:5      | Reached skill level 9 in Unarmed Combat
  4401 | D:5      | Found an ancient bone altar of Kikubaaqudgha.
  4427 | D:5      | Reached skill level 5 in Dodging
  4514 | D:5      | Reached XP level 9. HP: 62/72 MP: 8/8
  4785 | D:6      | Reached skill level 10 in Unarmed Combat
  4787 | D:6      | Reached skill level 5 in Fighting
  4798 | D:6      | Mangled by a wight

Skill      XL: |  1  2  3  4  5  6  7  8  9 |
---------------+----------------------------+-----
Dodging        | 3 4 5 |  5.4
Unarmed Combat | 4 5 6 7 9 10 | 10.2
Stealth        | 3 4 5 6 |  6.4
Fighting       | 4 5 |  5.0

Action                   |  1- 3 |  4- 6 |  7- 9 || total
-------------------------+-------+-------+-------++-------
Melee: Unarmed           |   100 |   147 |   303 ||   550
       Punch             |     1 |     3 |     6 ||    10
  Use: Potion            |       |       |     7 ||     7
 Stab: Sleeping          |     6 |     6 |     8 ||    20
       Invisible         |       |     1 |       ||     1
       Distracted        |       |       |     2 ||     2
  Eat: Chunk             |     4 |     7 |    14 ||    25
Armor: Robe              |    11 |    18 |    60 ||    89
Dodge: Dodged            |    59 |    74 |   194 ||   327
